TOP OF THE 1ST |
Lowell Spinners batting - Pitching for Vancouver Canadians : RHP Fernando Torres
|
Pitching: RHP Fernando Torres
|
|
Batting: LHB Stanislav Parusov
|
0-0: Foul Ball, location: 2F 0-1: Fly out, F9 (Flyball, 89S, EV 75.6 MPH)
|
Batting: RHB William Lung
|
0-0: Called Strike 0-1: Foul Ball, location: 2F 0-2: Ball 1-2: Ball 2-2: Foul Ball, location: 2F 2-2: Strikes out swinging
|
Batting: LHB Nelis Geurts
|
0-0: Ball 1-0: Ground out 4-3 (Groundball, 4, EV 105.0 MPH)
|
Top of the 1st over - 0 runs, 0 hits, 0 errors, 0 left on base; Lowell 0 - Vancouver 0 |
BOTTOM OF THE 1ST |
Vancouver Canadians batting - Pitching for Lowell Spinners : RHP Jon Olivo
|
Pitching: RHP Jon Olivo
|
|
Batting: RHB Kennet Strijbis
|
0-0: Ball 1-0: Ball 2-0: Foul Ball, location: 2F 2-1: Called Strike 2-2: SINGLE (Groundball, 5S, EV 66.2 MPH) (infield hit)
|
Batting: RHB Michel Martineau
|
0-0: Ball 1-0: Ball 2-0: Ball 3-0: Called Strike 3-1: Foul Ball, location: 2F 3-2: Ground out 3-1 (Groundball, 13, EV 86.2 MPH) Kennet Strijbis to second
|
Batting: LHB Edgar Castillo
|
0-0: Ground out 5-3 (Groundball, 5, EV 86.9 MPH)
|
Batting: RHB Javier Garcia
|
0-0: Fly out, F3 (Line Drive, 3, EV 69.4 MPH)
|
Bottom of the 1st over - 0 runs, 1 hit, 0 errors, 1 left on base; Lowell 0 - Vancouver 0 |
TOP OF THE 2ND |
Lowell Spinners batting - Pitching for Vancouver Canadians : RHP Fernando Torres
|
Batting: RHB Matt Hinkle
|
0-0: Called Strike 0-1: Swinging Strike 0-2: Ball 1-2: Ball 2-2: Ball 3-2: Strikes out swinging
|
Batting: LHB Danny Montoya
|
0-0: Swinging Strike 0-1: Swinging Strike 0-2: Ball 1-2: Foul Ball, location: 2F 1-2: Strikes out swinging
|
Batting: RHB Nick Cottrell
|
0-0: Ball 1-0: Swinging Strike 1-1: Called Strike 1-2: Ball 2-2: Strikes out swinging
|
Top of the 2nd over - 0 runs, 0 hits, 0 errors, 0 left on base; Lowell 0 - Vancouver 0 |
BOTTOM OF THE 2ND |
Vancouver Canadians batting - Pitching for Lowell Spinners : RHP Jon Olivo
|
Batting: SHB Ryan Chicoine
|
0-0: Foul Ball, location: 2F 0-1: Called Strike 0-2: Ball 1-2: Foul Ball, location: 2F 1-2: Ground out 4-3 (Groundball, 4, EV 88.1 MPH)
|
Batting: RHB Wade Diamond
|
0-0: Ball 1-0: DOUBLE (Flyball, 8RXD, EV 103.8 MPH)
|
Batting: RHB Alex Vazquez
|
0-0: Called Strike Wade Diamond steals 3rd base 0-1: Ball 1-1: Called Strike 1-2: Ground out 4-3 (Groundball, 34, EV 90.6 MPH) Wade Diamond scores
|
Batting: LHB Julio Canseco
|
0-0: Ground out 5-3 (Groundball, 56, EV 87.5 MPH)
|
Bottom of the 2nd over - 1 run, 1 hit, 0 errors, 0 left on base; Lowell 0 - Vancouver 1 |
TOP OF THE 3RD |
Lowell Spinners batting - Pitching for Vancouver Canadians : RHP Fernando Torres
|
Batting: RHB Billy Ratz
|
0-0: Ball 1-0: Ball 2-0: Foul Ball, location: 2F 2-1: DOUBLE (Groundball, 5L, EV 103.1 MPH)
|
Batting: RHB Josh Helman
|
0-0: Ball 1-0: Called Strike 1-1: SINGLE (Groundball, 56D, EV 109.4 MPH) Billy Ratz to third
|
Batting: RHB Ted Emmerich
|
0-0: Swinging Strike 0-1: Foul Ball, location: 2F 0-2: Foul Ball, location: 2F 0-2: Ball 1-2: Ball 2-2: Foul Ball, location: 2F 2-2: Strikes out swinging
|
Batting: LHB Stanislav Parusov
|
0-0: Ball 1-0: Ball 2-0: Called Strike 2-1: Ball 3-1: Base on Balls Josh Helman to second
|
Batting: RHB William Lung
|
0-0: Ball 1-0: Fly out, F8 (Flyball, 8LM, EV 82.5 MPH)
|
Batting: LHB Nelis Geurts
|
0-0: Fielders Choice at 2nd, 5-4 (Groundball, 56, EV 103.1 MPH)
|
Top of the 3rd over - 0 runs, 2 hits, 0 errors, 3 left on base; Lowell 0 - Vancouver 1 |
BOTTOM OF THE 3RD |
Vancouver Canadians batting - Pitching for Lowell Spinners : RHP Jon Olivo
|
Batting: RHB Javier Ochoa
|
0-0: Foul Ball, location: 2F 0-1: Ball 1-1: Ball 2-1: Swinging Strike 2-2: Fly out, F8 (Line Drive, 8RD, EV 87.5 MPH)
|
Batting: RHB Kennet Strijbis
|
0-0: Ball 1-0: Ground out 6-3 (Groundball, 6S, EV 81.2 MPH)
|
Batting: RHB Michel Martineau
|
0-0: Called Strike 0-1: Ball 1-1: Ball 2-1: Ball 3-1: Base on Balls
|
Batting: LHB Edgar Castillo
|
0-0: Ball 1-0: Fly out, F7 (Flyball, 78D, EV 73.8 MPH)
|
Bottom of the 3rd over - 0 runs, 0 hits, 0 errors, 1 left on base; Lowell 0 - Vancouver 1 |
TOP OF THE 4TH |
Lowell Spinners batting - Pitching for Vancouver Canadians : RHP Fernando Torres
|
Batting: RHB Matt Hinkle
|
0-0: Fly out, F4 (Flyball, 4D, EV 76.2 MPH)
|
Batting: LHB Danny Montoya
|
0-0: Called Strike 0-1: Foul Ball, location: 2F 0-2: SINGLE (Groundball, 34S, EV 69.4 MPH) (infield hit)
|
Batting: RHB Nick Cottrell
|
0-0: Ball 1-0: Ball 2-0: Foul Ball, location: 2F 2-1: Ball 3-1: Foul Ball, location: 2F 3-2: Foul Ball, location: 2F 3-2: Strikes out looking
|
Batting: RHB Billy Ratz
|
0-0: Ball 1-0: Ground out 5-3 (Groundball, 56S, EV 68.8 MPH)
|
Top of the 4th over - 0 runs, 1 hit, 0 errors, 1 left on base; Lowell 0 - Vancouver 1 |
BOTTOM OF THE 4TH |
Vancouver Canadians batting - Pitching for Lowell Spinners : RHP Jon Olivo
|
Batting: RHB Javier Garcia
|
0-0: Ball 1-0: Called Strike 1-1: SINGLE (Flyball, 78S, EV 82.5 MPH)
|
Batting: SHB Ryan Chicoine
|
0-0: Ball 1-0: Ball 2-0: Called Strike 2-1: Ball 3-1: Base on Balls Javier Garcia to second
|
Batting: RHB Wade Diamond
|
0-0: Called Strike 0-1: Ball 1-1: Swinging Strike 1-2: Foul Ball, location: 2F 1-2: Foul Ball, location: 2F 1-2: Fly out, F6 (Popup, 6MS, EV 81.9 MPH)
|
Batting: RHB Alex Vazquez
|
0-0: Fly out, F9 (Flyball, 9, EV 96.2 MPH)
|
Batting: LHB Julio Canseco
|
0-0: Called Strike 0-1: Ball 1-1: SINGLE (Groundball, 34D, EV 95.6 MPH) Javier Garcia to third Ryan Chicoine to second Runner from 3rd tries for Home, SAFE, throw by RF to home
|
Batting: RHB Javier Ochoa
|
0-0: Ball 1-0: Called Strike 1-1: Swinging Strike 1-2: Ball 2-2: Foul Ball, location: 2F 2-2: Foul Ball, location: 2F 2-2: Strikes out swinging
|
Bottom of the 4th over - 1 run, 2 hits, 0 errors, 2 left on base; Lowell 0 - Vancouver 2 |
TOP OF THE 5TH |
Lowell Spinners batting - Pitching for Vancouver Canadians : RHP Fernando Torres
|
Batting: RHB Josh Helman
|
0-0: Foul Ball, location: 2F 0-1: Swinging Strike 0-2: Ball 1-2: Ground out 4-3 (Groundball, 4, EV 90.6 MPH)
|
Batting: RHB Ted Emmerich
|
0-0: Called Strike 0-1: Called Strike 0-2: Ball 1-2: Foul Ball, location: 2F 1-2: Strikes out swinging
|
Batting: LHB Stanislav Parusov
|
0-0: Called Strike 0-1: Ball 1-1: Ball 2-1: Ball 3-1: Called Strike 3-2: Base on Balls
|
Batting: RHB William Lung
|
0-0: Called Strike 0-1: Ball 1-1: Ball 2-1: Swinging Strike 2-2: Foul Ball, location: 2F 2-2: Ball 3-2: Foul Ball, location: 2F 3-2: Foul Ball, location: 2F 3-2: Foul Ball, location: 2F 3-2: SINGLE (Flyball, 78S, EV 93.1 MPH) Stanislav Parusov to second Stanislav Parusov to third
|
Batting: LHB Nelis Geurts
|
0-0: Called Strike 0-1: Ball 1-1: Ball 2-1: Ground out 4-3 (Groundball, 4, EV 106.9 MPH)
|
Top of the 5th over - 0 runs, 1 hit, 0 errors, 2 left on base; Lowell 0 - Vancouver 2 |
BOTTOM OF THE 5TH |
Vancouver Canadians batting - Pitching for Lowell Spinners : RHP Jon Olivo
|
Batting: RHB Kennet Strijbis
|
0-0: Ball 1-0: Swinging Strike 1-1: Ball 2-1: Swinging Strike 2-2: Strikes out swinging
|
Batting: RHB Michel Martineau
|
0-0: Ball 1-0: Ball 2-0: Called Strike 2-1: Foul Ball, location: 2F 2-2: Ball 3-2: SINGLE (Groundball, 56D, EV 95.0 MPH)
|
Batting: LHB Edgar Castillo
|
0-0: Ball 1-0: Called Strike 1-1: Foul Ball, location: 2F 1-2: Ball 2-2: Foul Ball, location: 2F 2-2: Foul Ball, location: 2F 2-2: Strikes out swinging
|
Batting: RHB Javier Garcia
|
0-0: Ball Michel Martineau is caught stealing 2nd base 2-4
|
Bottom of the 5th over - 0 runs, 1 hit, 0 errors, 0 left on base; Lowell 0 - Vancouver 2 |
TOP OF THE 6TH |
Lowell Spinners batting - Pitching for Vancouver Canadians : RHP Fernando Torres
|
Batting: RHB Matt Hinkle
|
0-0: Ball 1-0: Fly out, F8 (Flyball, 78M, EV 91.2 MPH)
|
Batting: LHB Danny Montoya
|
0-0: Fly out, F8 (Flyball, 8RD, EV 105.0 MPH)
|
Batting: RHB Nick Cottrell
|
0-0: Ball 1-0: Called Strike 1-1: Called Strike 1-2: Ball 2-2: Strikes out swinging
|
Top of the 6th over - 0 runs, 0 hits, 0 errors, 0 left on base; Lowell 0 - Vancouver 2 |
BOTTOM OF THE 6TH |
Vancouver Canadians batting - Pitching for Lowell Spinners : RHP Jon Olivo
|
Batting: RHB Javier Garcia
|
0-0: Called Strike 0-1: Ball 1-1: Called Strike 1-2: Strikes out looking
|
Batting: SHB Ryan Chicoine
|
0-0: SINGLE (Groundball, 25, EV 65.0 MPH) (infield hit)
|
Batting: RHB Wade Diamond
|
0-0: Called Strike Ryan Chicoine steals 2nd, throwing error, E2 Ryan Chicoine to third 0-1: TRIPLE (Flyball, 9LD, EV 98.8 MPH) Ryan Chicoine scores
|
Pitching: RHP Michel van Kampen
|
|
Batting: RHB Alex Vazquez
|
0-0: Ball 1-0: SINGLE (Groundball, 56D, EV 103.1 MPH) Wade Diamond scores
|
Batting: LHB Julio Canseco
|
0-0: Ball Alex Vazquez steals 2nd base 1-0: Called Strike 1-1: Swinging Strike 1-2: SINGLE (Groundball, 4D, EV 99.4 MPH) Alex Vazquez to third Runner from 3rd tries for Home, throw by RF and OUT! 9-2
|
Batting: RHB Javier Ochoa
|
0-0: Ball Julio Canseco steals 2nd base (no throw) 1-0: Called Strike 1-1: Foul Ball, location: 2F 1-2: Fly out, F6 (Flyball, 56D, EV 88.1 MPH)
|
Bottom of the 6th over - 2 runs, 4 hits, 1 error, 1 left on base; Lowell 0 - Vancouver 4 |
TOP OF THE 7TH |
Lowell Spinners batting - Pitching for Vancouver Canadians : RHP Fernando Torres
|
Now in RF: Dan Hilyer
|
|
Batting: RHB Billy Ratz
|
0-0: Ball 1-0: Foul Ball, location: 2F 1-1: Foul Ball, location: 2F 1-2: Ball 2-2: Strikes out swinging
|
Pitching: RHP Mike Amos
|
|
Now in LF: Dan Hilyer
|
|
Now in RF: Jonathan Klemm
|
|
Batting: RHB Josh Helman
|
0-0: Called Strike 0-1: Swinging Strike 0-2: Ball 1-2: Fly out, F5 (Popup, 15, EV 80.6 MPH)
|
Batting: RHB Ted Emmerich
|
0-0: Foul Ball, location: 2F 0-1: Ball 1-1: Called Strike 1-2: Strikes out swinging
|
Top of the 7th over - 0 runs, 0 hits, 0 errors, 0 left on base; Lowell 0 - Vancouver 4 |
BOTTOM OF THE 7TH |
Vancouver Canadians batting - Pitching for Lowell Spinners : RHP Michel van Kampen
|
Batting: RHB Kennet Strijbis
|
0-0: Called Strike 0-1: Called Strike 0-2: Strikes out swinging
|
Batting: RHB Michel Martineau
|
0-0: Ball 1-0: Swinging Strike 1-1: Ball 2-1: Foul Ball, location: 2F 2-2: Foul Ball, location: 2F 2-2: Ball 3-2: Foul Ball, location: 2F 3-2: Base on Balls
|
Batting: RHB Jonathan Klemm
|
0-0: Called Strike Michel Martineau steals 2nd base 0-1: Ball Michel Martineau steals 3rd base (no throw) 1-1: SINGLE (Groundball, 15S, EV 73.1 MPH) (infield hit)
|
Batting: RHB Javier Garcia
|
0-0: Called Strike 0-1: Foul Ball, location: 2F 0-2: Ball 1-2: Foul Ball, location: 2F 1-2: Ball Jonathan Klemm steals 2nd base 2-2: Ball 3-2: Base on Balls
|
Batting: SHB Ryan Chicoine
|
0-0: Ball 1-0: Grounds into double play, 4-6-3 (Groundball, 4, EV 101.9 MPH)
|
Bottom of the 7th over - 0 runs, 1 hit, 0 errors, 2 left on base; Lowell 0 - Vancouver 4 |
TOP OF THE 8TH |
Lowell Spinners batting - Pitching for Vancouver Canadians : RHP Mike Amos
|
Batting: LHB Stanislav Parusov
|
0-0: Foul Ball, location: 2F 0-1: Ball 1-1: SINGLE (Groundball, 34D, EV 91.2 MPH) (infield hit)
|
Batting: RHB William Lung
|
0-0: Ball 1-0: Swinging Strike 1-1: Ball 2-1: Foul Ball, location: 2F 2-2: Foul Ball, location: 2F 2-2: Foul Ball, location: 2F 2-2: Fly out, F8 (Flyball, 8LM, EV 90.6 MPH)
|
Batting: LHB Nelis Geurts
|
0-0: Called Strike 0-1: Ball 1-1: SINGLE (Groundball, 6MS, EV 68.8 MPH) (infield hit) Stanislav Parusov to second
|
Batting: RHB Matt Hinkle
|
0-0: Called Strike 0-1: Foul Ball, location: 2F 0-2: Strikes out swinging
|
Batting: LHB Danny Montoya
|
0-0: Ball 1-0: Swinging Strike 1-1: Foul Ball, location: 2F 1-2: Strikes out looking
|
Top of the 8th over - 0 runs, 2 hits, 0 errors, 2 left on base; Lowell 0 - Vancouver 4 |
BOTTOM OF THE 8TH |
Vancouver Canadians batting - Pitching for Lowell Spinners : RHP Michel van Kampen
|
Pitching: RHP Bryan Paiva
|
|
Batting: RHB Wade Diamond
|
0-0: Ground out 3-1 (Groundball, 34, EV 86.2 MPH)
|
Batting: RHB Alex Vazquez
|
0-0: Ground out 6-3 (Groundball, 6S, EV 80.0 MPH)
|
Batting: RHB Dan Hilyer
|
0-0: Ball 1-0: Ball 2-0: Ball 3-0: Called Strike 3-1: Base on Balls
|
Batting: RHB Javier Ochoa
|
0-0: Ball Dan Hilyer steals 2nd base 1-0: Ball 2-0: Foul Ball, location: 2F 2-1: Foul Ball, location: 2F 2-2: Fly out, F8 (Flyball, 8RXD, EV 106.9 MPH)
|
Bottom of the 8th over - 0 runs, 0 hits, 0 errors, 1 left on base; Lowell 0 - Vancouver 4 |
TOP OF THE 9TH |
Lowell Spinners batting - Pitching for Vancouver Canadians : RHP Mike Amos
|
Pitching: RHP Aaron Linkous
|
|
Batting: RHB Nick Cottrell
|
0-0: SOLO HOME RUN (Flyball, 9LD, EV 95.6 MPH), Distance : 343 ft
|
Batting: RHB Billy Ratz
|
0-0: Fly out, F9 (Flyball, 89M, EV 79.4 MPH)
|
Batting: RHB Josh Helman
|
0-0: Hit by Pitch
|
Batting: RHB Ted Emmerich
|
0-0: Called Strike 0-1: Fielders Choice at 2nd, 4-6 (Groundball, 4, EV 84.4 MPH)
|
Batting: LHB Stanislav Parusov
|
0-0: Called Strike 0-1: Ball 1-1: Ball 2-1: Ball 3-1: Base on Balls Ted Emmerich to second
|
Batting: RHB William Lung
|
0-0: Ball 1-0: Called Strike 1-1: Swinging Strike 1-2: Hit by Pitch Ted Emmerich to third Stanislav Parusov to second
|
Batting: LHB Nelis Geurts
|
0-0: Fielders Choice at 2nd, 6-4 (Groundball, 56, EV 86.9 MPH)
|
Top of the 9th over - 1 run, 1 hit, 0 errors, 3 left on base; Lowell 1 - Vancouver 4 |
|